 Dungeon Crawl Stone Soup version 0.30.1-4-g462c640d31 (webtiles) character file.

Game seed: 5918493768060284604

39 Kurtz the Trooper (level 3, -5/24 HPs)
             Began as a Tengu Fighter on Sept 17, 2023.
             Killed by nerve-wracking pain
             ... invoked by an orc priest
              (10 damage)
             ... on level 2 of the Dungeon.
             The game lasted 00:00:55 (1081 turns).

Kurtz the Trooper (Tengu Fighter)                   Turns: 1081, Time: 00:00:55

Health: -5/24      AC:  6    Str: 18    XL:     3   Next: 47%
Magic:  4/4        EV:  9    Int:  8    God:
Gold:   68         SH:  4    Dex: 13    Spells: 2/2 levels left

rFire   . . .        a - +0 war axe
rCold   . . .        c - +0 buckler
rNeg    . . .        b - +0 scale mail
rPois   .            (helmet restricted)
rElec   .            (no cloak)
rCorr   .            (no gloves)
SInv    .            (boots unavailable)
Will    .....        (no amulet) Stlth
                     (no ring)
HPRegen 0.24/turn    (no ring)
MPRegen 0.09/turn

%: no passive effects
@: no status effects
A: beak, talons 3
a: no special abilities


You were on level 2 of the Dungeon.
You visited 1 branch of the dungeon, and saw 2 of its levels.

You collected 68 gold pieces.

Inventory:

Hand Weapons
 a - a +0 war axe (weapon)
Missiles
 l - 6 curare-tipped darts (quivered)
Armour
 b - a +0 scale mail (worn)
 c - a +0 buckler (worn)
Jewellery
 g - an amulet of faith
Scrolls
 h - a scroll of noise {unknown}
 i - 2 scrolls of immolation {unknown}
 k - a scroll of teleportation {unknown}
 m - 4 scrolls of identify {unknown}
 o - 3 scrolls of enchant weapon {unknown}
Potions
 d - a potion of might
 e - 2 potions of heal wounds {unknown}
 f - a potion of mutation {unknown}
 j - a potion of curing {unknown}
 n - a potion of attraction {unknown}


   Skills:
 * Level 3.7 Fighting
 * Level 3.3 Axes
 - Level 3.2 Armour
 - Level 3.0 Shields


You had 2 spell levels left.
You didn't know any spells.
Your spell library was empty.

Dungeon Overview and Level Annotations

Branches:
Dungeon (2/15)

Altars:

Shops:
D:1 (


Innate Abilities, Weirdness & Mutations

You have a beak for a mouth.
You have claws for feet.


Message History

An orc priest is nearby!
A goblin comes into view. It is wielding a +0 club.
The goblin shouts!
An orc comes into view. It is wielding a +0 short sword.
The orc shouts!
The orc priest looks encouraged for a moment.
A kobold comes into view. It is wielding a +0 dagger.
An orc wizard comes into view. It is wielding a +0 dagger.
An orc comes into view. It is wielding a +0 falchion.
An orc comes into view. It is wielding a +0 club.
The kobold shouts!
The orc priest closely misses you.
You barely miss the orc priest. Your kick misses the orc priest.
You closely miss the orc priest. You closely miss the orc wizard.
The orc wizard barely misses you.
The orc priest hits you with a +0 flail. x2
The orc wizard hits you but does no damage.
You barely miss the orc priest. You closely miss the orc wizard.
You slash the goblin!
You kill the goblin!
The orc priest hits you but does no damage.
You barely miss the orc priest. You hit the orc.
The orc priest closely misses you.
You hit the orc.
You kill the orc!
You hit the orc priest. The orc priest closely misses you.
The orc priest looks encouraged for a moment.
You closely miss the orc priest. You claw the orc priest.
The orc priest is severely wounded.
You closely miss the orc wizard.
The orc wizard points at you and mumbles some strange words.
The magic dart hits you.
The orc priest hits you with a +0 flail!
* * * LOW HITPOINT WARNING * * *
You barely miss the orc priest. Your kick misses the orc priest.
The orc priest is severely wounded.
You closely miss the orc wizard.
The orc priest mumbles some strange prayers to Beogh against you.
Pain shoots through your body!
You die...

....... #........
#...>g... #........
#...... .... ###
###.# .. ##..)##
######.###
#..#.@#####...##....
#....ooo...)......###
#..####K####.####...#
#..# o.. #.....##.#
##.# ...#.....##.##
#.# #..#.....##..#
##.# ..#..######..
#..# ..#....# ##.
#..# #.##.# ##


You could see an orc priest, an orc wizard, 2 orcs and a kobold.

Vanquished Creatures
  2 worms (D:2)
  A dart slug (D:1)
  An orc (D:2)
  A bat (D:1)
  2 endoplasms (D:1)
  A giant cockroach (D:2)
  5 goblins
  4 hobgoblins (D:1)
  3 quokkas (D:1)
  A ball python (D:1)
  3 frilled lizards
  2 kobolds
  3 rats
29 creatures vanquished.

Notes
Turn   | Place    | Note
-------+----------+-------------------------------------------
     0 | D:1      | Kurtz the Tengu Fighter began the quest for the Orb.
     0 | D:1      | Reached XP level 1. HP: 14/14 MP: 2/2
   283 | D:1      | Reached XP level 2. HP: 19/19 MP: 3/3
   792 | D:1      | Found Ukkadgh's Weapon Shop.
   831 | D:1      | Reached XP level 3. HP: 23/23 MP: 4/4
  1081 | D:2      | Killed from afar by an orc priest

Illustrated notes

Levels and vault maps discovered:
D:1:      scummos_arrival_star, layout_loops_ring, serial_shops, shop,
          dreamdust_princess_corridor, nicolae_hexahallways
D:2:      layout_rooms, hellmonk_ecumenical_altar_inner_sanctum,
          hangedman_decor_push

Skill      XL: |  1  2 |
---------------+-------+-----
Axes           | 3 |  3.3
Fighting       | |  3.7
Armour         | |  3.2
Shields        | |  3.0

Action                     || total
---------------------------++-------
  Melee: War axe           ||    59
         Peck              ||     7
         Kick              ||     9
 Armour: Scale mail        ||    18
  Dodge: Dodged            ||    20
  Block: Buckler           ||     9
